 Dungeon Crawl Stone Soup version 0.30-a0-134-gb40fab5c76 (webtiles) character file.

Game seed: 4327601949621471849

189 SuDDenLife the Shield-Bearer (level 5, -3/47 HPs)
             Began as a Minotaur Fighter on Sept 19, 2022.
             Killed by nerve-wracking pain
             ... invoked by Grinder
              (14 damage)
             ... on level 3 of the Dungeon.
             The game lasted 00:08:22 (3123 turns).

SuDDenLife the Shield-Bearer (Minotaur Fighter)     Turns: 3123, Time: 00:08:23

Health: -3/47      AC:  8    Str: 21    XL:     5   Next: 40%
Magic:  4/4        EV:  9    Int:  5    God:
Gold:   110        SH:  5    Dex: 11    Spells: 4/4 levels left

rFire   . . .      SeeInvis .    a - +0 long sword
rCold   . . .      Faith    .    c - +0 buckler
rNeg    . . .      Spirit   .    b - +0 scale mail
rPois   .          Reflect  .    (helmet restricted)
rElec   .          Harm     .    (no cloak)
rCorr   .          Rampage  .    e - +0 pair of gloves
Will    .....                    (no boots)
Stlth   ..........               (no amulet)
HPRegen 0.15/turn                (no ring)
MPRegen 0.09/turn                (no ring)

@: no status effects
A: horns 2, retaliatory headbutt
a: no special abilities


You were on level 3 of the Dungeon.
You visited 1 branch of the dungeon, and saw 3 of its levels.

You collected 110 gold pieces.

Inventory:

Hand Weapons
 a - a +0 long sword (weapon)
 l - a +0 sling
 p - a +0 trident
 r - a +1 dagger of venom
Missiles
 k - 38 stones (quivered)
Armour
 b - a +0 scale mail (worn)
 c - a +0 buckler (worn)
 e - a +0 pair of gloves (worn)
Scrolls
 f - 4 scrolls of identify {unknown}
 j - a scroll of summoning {unknown}
 m - 4 scrolls of noise {unknown}
 q - a scroll of poison {unknown}
 t - 3 scrolls of teleportation {unknown}
Potions
 d - 3 potions of might
 g - a potion of invisibility {unknown}
 h - a potion of resistance {unknown}
 i - 2 potions of lignification {unknown}
 n - 2 potions of degeneration {unknown}
 o - a potion of flight {unknown}
 s - a potion of curing {unknown}
 u - a potion of cancellation {unknown}
Miscellaneous
 v - a piece from Xom's chessboard (15/15)


   Skills:
 + Level 4.8 Fighting
 + Level 4.0 Long Blades
 + Level 4.8 Armour
 + Level 4.8 Shields


You had 4 spell levels left.
You didn't know any spells.
Your spell library was empty.

Dungeon Overview and Level Annotations

Branches:
Dungeon (3/15)

Altars:
Fedhas
Gozag
Xom

Annotations:
D:3 1 runed translucent door, Crazy Yiuf, Grinder


Innate Abilities, Weirdness & Mutations

You have a pair of horns on your head.
You reflexively headbutt those who attack you in melee.


Message History

You drop a +0 ring mail.
You now have 110 gold pieces (gained 12).
Grinder comes into view.
Grinder shouts!
Grinder gestures at you. Pain shoots through your body!
Grinder gestures at you. Pain shoots through your body!
Grinder gestures at you. Pain shoots through your body! Grinder hits you.
You writhe in agony.
You hit Grinder.
Grinder is lightly wounded.
Grinder hits you but does no damage.
You hit Grinder. You headbutt Grinder, but do no damage.
Grinder is lightly wounded.
Grinder barely misses you.
Grinder blinks!
Grinder hits you but does no damage.
You slash Grinder! Your headbutt misses Grinder.
Grinder is moderately wounded.
Grinder blinks!
You slash Grinder!
Grinder is heavily wounded.
Grinder gestures at you.
You barely resist. You hit Grinder but do no damage.
Grinder is heavily wounded.
Grinder gestures at you.
You barely resist. You hit Grinder. You headbutt Grinder.
Grinder is severely wounded.
Grinder hits you.
You writhe in agony.
Grinder hits you!
* * * LOW HITPOINT WARNING * * *
You writhe in agony.
* * * LOW HITPOINT WARNING * * *
You barely miss Grinder. You headbutt Grinder!
Grinder is almost dead.
Grinder gestures at you. Pain shoots through your body!
You die...

##### #.# #.#
#.# #.# #.#
#.#
#.########.#
#.##.......#
#.##.#######
#.##.#########
#..........
#.@########
#.5#
#.......5#
########.# #


You could see Grinder.

Vanquished Creatures
  A scorpion (D:2)
  An orc priest (D:3)
  Jessica (D:3)
  2 adders
  2 worms (D:2)
  3 orcs (D:3)
  3 ball pythons
  4 bats
  4 endoplasms
  2 giant cockroaches (D:1)
  6 goblins
  4 hobgoblins
  9 kobolds
  2 quokkas
  A frilled lizard (D:3)
  2 rats
  2 butterflies (D:3)
49 creatures vanquished.

Vanquished Creatures (others)
  A plant (D:3)
1 creature vanquished.

Grand Total: 50 creatures vanquished

Notes
Turn   | Place    | Note
-------+----------+-------------------------------------------
     0 | D:1      | SuDDenLife the Minotaur Fighter began the quest for the
                  | Orb.
     0 | D:1      | Reached XP level 1. HP: 19/19 MP: 0/0
   377 | D:1      | Reached XP level 2. HP: 21/27 MP: 1/1
   894 | D:1      | Found a faded altar of an unknown god.
  1194 | D:2      | Reached XP level 3. HP: 18/33 MP: 2/2
  1468 | D:2      | Noticed a scorpion
  1481 | D:2      | Killed a scorpion
  1482 | D:2      | Reached XP level 4. HP: 41/41 MP: 3/3
  2482 | D:3      | Found a runed translucent door.
  2483 | D:3      | Noticed Crazy Yiuf
  2547 | D:3      | Found an opulent altar of Gozag.
  2812 | D:3      | Found a blossoming altar of Fedhas.
  2815 | D:3      | Found a shimmering altar of Xom.
  2849 | D:3      | Reached XP level 5. HP: 30/47 MP: 4/4
  2907 | D:3      | Noticed Jessica
  2955 | D:3      | Killed Jessica
  3108 | D:3      | Noticed Grinder
  3123 | D:3      | Killed from afar by Grinder

Illustrated notes

Levels and vault maps discovered:
D:1:      minmay_arrival_widening_spiral_wide, layout_basic,
          shapermc_ecumenical_altar_venn, kennysheep_boxes
D:2:      layout_basic
D:3:      layout_loops_ring, fedhas_altar_1, xom_butterflies,
          lemuel_coloured_pillars_altar, uniq_crazy_yiuf_cottage, uniq_jessica,
          uniq_grinder

Skill      XL: |  1  2  3  4  5 |
---------------+----------------+-----
Shields        | 4 |  4.8
Fighting       | 4 |  4.8
Armour         | 4 |  4.8
Long Blades    | 3 4 |  4.0

Action                   |  1- 3 |  4- 6 || total
-------------------------+-------+-------++-------
Melee: Long sword        |    71 |    76 ||   147
       Headbutt          |     8 |     9 ||    17
Armor: Scale mail        |    44 |    31 ||    75
Dodge: Dodged            |    31 |    11 ||    42
Block: Buckler           |    15 |    10 ||    25

Table legend: (Time is in decaauts)
 A = Elapsed time spent in this place.
 B = Non-inter-level travel time spent in this place.
 C = Inter-level travel time spent in this place.
 D = Time resting spent in this place.
 E = Time spent auto-exploring this place.
 F = Levels seen in this place.
 G = Mean time per level.
                   A        B        C        D        E       F      G
               +--------+--------+--------+--------+--------+-----+--------+
         Total |   3193 |   3132 |     61 |   1042 |   1319 |   3 | 1064.3 |
       Dungeon |   3193 |   3132 |     61 |   1042 |   1319 |   3 | 1064.3 |
               +--------+--------+--------+--------+--------+-----+--------+

Top non-repeatable levels by time:
     D:2: 1324 daAuts
     D:1: 1139 daAuts
     D:3: 729 daAuts
